 Dungeon Crawl Stone Soup version 0.29.1-14-g9c671dbff4 (webtiles) character file.

Game seed: 4028963890750659546

25634 LustLizard the Prestidigitator (level 13, 0/99 HPs)
             Began as a Gnoll Wanderer on Feb 12, 2023.
             Was the Champion of Cheibriados.
             Engulfed by a merfolk aquamancer's steam (4 damage)
             ... summoned by a worldbinder
             ... in a Gauntlet.
             The game lasted 00:45:45 (21376 turns).

LustLizard the Prestidigitator (Gnoll Wanderer)    Turns: 21376, Time: 00:45:46

Health: 0/99       AC: 16    Str: 28    XL:     13   Next: 20%
Magic:  26/26      EV: 19    Int: 29    God:    Cheibriados [******]
Gold:   973        SH:  5    Dex: 28    Spells: 5/31 levels left

rFire   . . .      SeeInvis .   b - +6 club (spect)
rCold   . . .      Faith    .   (no shield)
rNeg    . . .      Spirit   .   H - +3 ring mail {rPois}
rPois   +          Reflect  +   (no helmet)
rElec   .          Harm     .   k - scarf {+Inv}
rCorr   .          Rampage  .   W - +0 pair of gloves
Will    .....      NoTele   +   M - +0 pair of boots
Stlth   +++.......              P - amulet of reflection
HPRegen 0.26/turn               j - +4 ring of protection
MPRegen 0.20/turn               m - ring of wizardry

@: silenced, spiked, very slow
A: fangs 1, strong nose, distributed training
a: Renounce Religion, Evoke Invisibility


You were in a Gauntlet.
You worshipped Cheibriados.
Cheibriados was exalted by your worship.
You visited 3 branches of the dungeon, and saw 17 of its levels.
You also visited: Gauntlet.

You collected 973 gold pieces.

Inventory:

Hand Weapons
 b - a +6 spectral club (weapon)
Missiles
 i - 2 silver javelins
 o - 31 poisoned darts
 D - a curare-tipped dart
Armour
 f - a +1 cloak
 k - a scarf of invisibility (worn)
 H - a +3 ring mail of poison resistance (worn)
 M - a +0 pair of boots (worn)
 W - a +0 pair of gloves (worn)
Jewellery
 h - a +6 ring of intelligence
 j - a +4 ring of protection (left hand)
 m - a ring of wizardry (right hand)
 y - a +6 ring of intelligence
 P - an amulet of reflection (around neck)
Wands
 a - a wand of flame (41)
 l - a wand of charming (9)
 N - a wand of polymorph (5)
 O - a wand of iceblast (10)
 Y - a wand of light (5)
Scrolls
 c - 2 scrolls of enchant weapon {unknown}
 d - 8 scrolls of blinking
 g - 5 scrolls of magic mapping
 n - a scroll of torment {unknown}
 p - 6 scrolls of poison
 r - 3 scrolls of teleportation
 t - 2 scrolls of brand weapon {unknown}
 v - 3 scrolls of enchant armour
 x - 4 scrolls of immolation
 C - 2 scrolls of summoning
 E - a scroll of butterflies {unknown}
 F - 3 scrolls of vulnerability
 G - a scroll of acquirement
 I - 2 scrolls of amnesia
 T - a scroll of fear
Potions
 e - 5 potions of attraction
 q - a potion of magic
 s - 5 potions of brilliance
 u - 3 potions of curing
 w - 3 potions of resistance
 z - 3 potions of mutation
 A - 2 potions of cancellation
 B - 4 potions of lignification
 J - a potion of heal wounds
 K - 2 potions of flight
 L - a potion of might
 R - 2 potions of ambrosia
 S - a potion of invisibility
 V - a potion of berserk rage
Miscellaneous
 Z - a lightning rod (4/4)


   Skills:
 + Level 8.4 Fighting
 + Level 8.4 Short Blades
 + Level 8.4 Long Blades
 + Level 8.4 Axes
 + Level 8.4 Maces & Flails
 + Level 8.4 Polearms
 + Level 8.4 Staves
 + Level 8.4 Ranged Weapons
 + Level 9.6 Throwing
 + Level 8.4 Armour
 + Level 8.4 Dodging
 + Level 8.4 Stealth
 + Level 8.4 Shields
 + Level 8.4 Unarmed Combat
 + Level 9.8 Spellcasting
 + Level 7.0 Conjurations
 + Level 7.0 Hexes
 + Level 7.0 Summonings
 + Level 7.0 Necromancy
 + Level 9.0 Translocations
 + Level 7.0 Transmutations
 + Level 7.0 Fire Magic
 + Level 7.0 Ice Magic
 + Level 7.0 Air Magic
 + Level 7.0 Earth Magic
 + Level 7.0 Poison Magic
 + Level 9.2 Invocations
 + Level 10.6 Evocations


You had 5 spell levels left.
You knew the following spells:

 Your Spells              Type           Power      Damage    Failure   Level
a - Manifold Assault      Tloc           61%        N/A       1%          5
b - Blink                 Tloc           100%       N/A       1%          2
c - Foxfire               Conj/Fire      100%       2x1d9     1%          1
d - Poisonous Vapours     Pois/Air       100%       N/A       1%          2
e - Irradiate             Conj/Tmut      26%        3d20      3%          5
f - Lee's Rapid Deconstr  Erth           26%        3d15*     3%          5
g - Summon Cactus Giant   Summ           26%        N/A       17%         6

Your spell library contained the following spells:

 Spells                   Type           Power      Damage    Failure   Level
 Apportation              Tloc           100%       N/A       1%          1
 Necrotise                Necr           100%       1d9       1%          1
 Sting                    Tmut/Pois      100%       1d8       1%          1
 Scorch                   Fire           100%       2d10      1%          2
 Sublimation of Blood     Necr           53%        N/A       1%          2
 Confusing Touch          Hex            53%        N/A       1%          3
 Conjure Flame            Conj/Fire      53%        6-21      1%          3
 Inner Flame              Hex/Fire       53%        N/A       1%          3
 Lesser Beckoning         Tloc           61%        N/A       1%          3
 Summon Guardian Golem    Hex/Summ       53%        N/A       1%          3
 Vampiric Draining        Necr           53%        2d9       1%          3
 Flame Wave               Conj/Fire      53%        2d13      1%          4
 Fulminant Prism          Conj/Hex       26%        3d14      1%          4
 Iskenderun's Mystic Bla  Conj/Tloc      57%        2d12      1%          4
 Olgreb's Toxic Radiance  Pois           53%        N/A       1%          4
 Petrify                  Tmut/Erth      53%        N/A       1%          4
 Agony                    Necr           53%        N/A       3%          5
 Yara's Violent Unravell  Hex/Tmut       26%        3d11      3%          5
 Enfeeble                 Hex            26%        N/A       65%         7
 Orb of Destruction       Conj           26%        9d9       65%         7
 Spellforged Servitor     Conj/Summ      26%        N/A       65%         7


Dungeon Overview and Level Annotations

Branches:
Dungeon (13/15)            Temple (1/1) D:6            Lair (3/5) D:8
  Snake (0/4) Lair:2          Orc (0/2) D:10        Gauntlet (1/1)
  Swamp: Lair:2-3    Shoals: Lair:2-3    Vaults: D:13-14

Altars:
Ashenzari
Cheibriados
Dithmenos
Elyvilon
Fedhas
Gozag
Hepliaklqana
Kikubaaqudgha
Makhleb
Nemelex Xobeh
Okawaru
Qazlal
Ru
Sif Muna
Trog
Uskayaw
Vehumet
Wu Jian
Xom
Yredelemnul
Zin
The Shining One

Shops:
D:1 =   D:11 [

Annotations:
Lair:3 Urug Gauntlet 13 transporters, exclusion: lightning spire


Innate Abilities, Weirdness & Mutations

You have very sharp teeth.
Your uncanny sense of smell can sniff out nearby items.
Your experience applies equally to all skills.


Message History

The boggart hits you but does no damage.
You sock the boggart! You bite the boggart, but do no damage.
The boggart is severely wounded.
The boggart misses you. The snapping turtle closely misses you.
You barely miss the boggart.
The boggart is severely wounded.
The boggart completely misses you.
The snapping turtle bites you from afar!
* * * LOW HITPOINT WARNING * * *
The boggart closely misses you.
You completely miss the boggart.
The boggart is severely wounded.
The snapping turtle bites you from afar!
* * * LOW HITPOINT WARNING * * *
The boggart barely misses you.
You feel much better.
The snapping turtle disappears in a puff of smoke!
The worldbinder calls forth creatures from the Shoals!
The boggart barely misses you.
Okay, then.
You hit the boggart. Your bite misses the boggart.
The boggart is severely wounded.
The snapping turtle disappears in a puff of smoke!
You block the boggart's attack.
You hit the boggart.
You kill the boggart!
Cheibriados thoroughly appreciates the change of pace.
The merfolk aquamancer points at you and mumbles some strange words.
The ball of steam hits you!!
* * * LOW HITPOINT WARNING * * *
The snapping turtle closely misses you.
Okay, then.
Really walk into that dispersal trap?
The worldbinder attacks as you move away!
The worldbinder closely misses you. The worldbinder completely misses you.
You enter a dispersal trap!
The worldbinder blinks!
You blink.
The barbed spikes dig painfully into your body as you move.
* * * LOW HITPOINT WARNING * * *
You are engulfed in a cloud of scalding steam.
You die...

.###########..#...........≈#
.#.........#..#########..###
.#.........#..#.....Y.#..≈#
.#..##≈##..#..#.###Y#t#..##
.#..≈###≈§.#..#[###.m.#..§#
.#..## ##§.#.©#©###§t5#©.##
.#..≈# #≈..#..#x.§§##.#..§#
##..## ##..####?.§^##.#..##
....≈# #§.....#.@.....#..§#
...### ###....#########..##
.#≈# #≈#.............§# §###
###≈#...§.......## ##
###≈#§#≈#≈#≈#≈#
#############


You could see a worldbinder.

Vanquished Creatures
  Josephine (D:10)
  3 boulder beetles
  A hydra (Lair:2)
  2 two-headed ogres
  An ugly thing (D:10)
  3 cyclopes
  A black mamba (Lair:1)
  2 gargoyles
  6 cane toads
  2 unseen horrors (D:11)
  2 komodo dragons
  2 rime drakes
  A polar bear (Lair:1)
  2 hornets
  14 blink frogs
  Sigmund (D:3)
  24 yaks
  A shadow (D:12)
  4 wraiths
  2 vampires
  3 wyverns
  A basilisk (Lair:2)
  A steam dragon (D:8)
  8 vampire mosquitoes
  Edmund (D:5)
  2 acid dragons
  7 water moccasins
  3 nagas (Lair:2)
  4 orc warriors
  4 black bears
  2 ice beasts
  2 sky beasts
  An ogre (D:3)
  9 centaurs
  3 wolves (Lair:3)
  2 boggarts (Gauntlet)
  3 phantoms
  Blork the orc (D:5)
  7 bullfrogs
  A necrophage (D:6)
  6 scorpions
  7 howler monkeys
  The ghost of croobank the Sneak, a weakling OpDe (D:4)
  An electric eel (Lair:2)
  2 hounds
  9 orc priests
  A jelly (D:4)
  Jessica (D:2)
  2 iguanas
  Ijyb (D:3)
  Natasha (thrice) (D:3)
  Terence (D:3)
  10 orc wizards
  4 gnolls (D:7)
  14 adders
  2 white imps
  5 worms
  A dart slug (D:2)
  41 orcs
  8 endoplasms
  4 giant cockroaches
  5 goblins
  6 hobgoblins
  6 jackals
  11 kobolds
  4 quokkas
  7 ball pythons
  5 bats
  4 frilled lizards
  4 rats (D:1)
316 creatures vanquished.

Vanquished Creatures (collateral kills)
  6 foxfires
6 creatures vanquished.

Vanquished Creatures (others)
  745 foxfires
  4 fungi
  44 plants
793 creatures vanquished.

Grand Total: 1115 creatures vanquished

Notes
Turn   | Place    | Note
-------+----------+-------------------------------------------
     0 | D:1      | LustLizard the Gnoll Wanderer began the quest for the Orb.
     0 | D:1      | LustLizard set off with the following items: a +2 dagger, a
                  | curare-tipped dart, a piece from Xom's chessboard (15/15),
                  | a scroll of blinking, a +0 leather armour; and the
                  | following spell memorised: Apportation; and the following
                  | spells available to memorise: Lesser Beckoning.
     0 | D:1      | Reached XP level 1. HP: 13/13 MP: 6/6
   201 | D:1      | Found Guitad's Jewellery Boutique.
   325 | D:1      | Reached XP level 2. HP: 19/19 MP: 2/7
   333 | D:1      | Learned a level 2 spell: Blink
   654 | D:1      | Reached skill level 5 in Spellcasting
   654 | D:1      | Reached XP level 3. HP: 20/25 MP: 3/9
  1022 | D:2      | Reached skill level 1 in Invocations
  1263 | D:2      | Found a faded altar of an unknown god.
  1293 | D:2      | Reached skill level 1 in Fighting
  1293 | D:2      | Reached skill level 1 in Short Blades
  1293 | D:2      | Reached skill level 1 in Long Blades
  1293 | D:2      | Reached skill level 1 in Axes
  1293 | D:2      | Reached skill level 1 in Maces & Flails
  1293 | D:2      | Reached skill level 1 in Polearms
  1293 | D:2      | Reached skill level 1 in Staves
  1293 | D:2      | Reached skill level 1 in Ranged Weapons
  1293 | D:2      | Reached skill level 1 in Armour
  1293 | D:2      | Reached skill level 1 in Dodging
  1293 | D:2      | Reached skill level 1 in Stealth
  1293 | D:2      | Reached skill level 1 in Shields
  1293 | D:2      | Reached skill level 1 in Unarmed Combat
  1320 | D:2      | Reached XP level 4. HP: 22/32 MP: 3/11
  1746 | D:2      | Reached skill level 1 in Conjurations
  1746 | D:2      | Reached skill level 1 in Hexes
  1746 | D:2      | Reached skill level 1 in Summonings
  1746 | D:2      | Reached skill level 1 in Necromancy
  1746 | D:2      | Reached skill level 1 in Transmutations
  1746 | D:2      | Reached skill level 1 in Fire Magic
  1746 | D:2      | Reached skill level 1 in Ice Magic
  1746 | D:2      | Reached skill level 1 in Air Magic
  1746 | D:2      | Reached skill level 1 in Earth Magic
  1746 | D:2      | Reached skill level 1 in Poison Magic
  2162 | D:2      | Noticed Jessica
  2176 | D:2      | Killed Jessica
  2177 | D:2      | Reached XP level 5. HP: 27/37 MP: 4/12
  2664 | D:3      | Noticed Natasha
  2675 | D:3      | Killed Natasha
  2992 | D:3      | Noticed Natasha
  2992 | D:3      | Noticed an ice beast
  2993 | D:3      | Noticed an ogre
  3080 | D:3      | Noticed Terence
  3090 | D:3      | Killed Terence
  3221 | D:3      | Noticed Ijyb
  3557 | D:3      | Reached XP level 6. HP: 44/44 MP: 4/13
  3697 | D:3      | Reached skill level 5 in Throwing
  3807 | D:3      | Killed Ijyb
  3922 | D:3      | Killed Natasha
  4288 | D:3      | Killed an ice beast
  4289 | D:3      | Reached skill level 7 in Evocations
  4289 | D:3      | Reached XP level 7. HP: 51/51 MP: 15/15
  4357 | D:3      | Noticed Natasha
  4370 | D:3      | Killed Natasha
  4495 | D:3      | Noticed Sigmund
  5065 | D:3      | Killed Sigmund
  5289 | D:4      | Learned a level 1 spell: Foxfire
  5294 | D:4      | Noticed croobank's ghost (weakling OpDe)
  5297 | D:4      | Found a runed translucent door.
  5536 | D:4      | Learned a level 2 spell: Poisonous Vapours
  5928 | D:4      | Killed croobank's ghost
  5966 | D:5      | Entered Level 5 of the Dungeon
  5972 | D:5      | Reached XP level 8. HP: 56/58 MP: 13/16
  6008 | D:5      | Noticed Edmund
  6021 | D:5      | Killed Edmund
  6528 | D:5      | Noticed a wyvern
  6569 | D:5      | Noticed Blork the orc
  6577 | D:5      | Killed Blork the orc
  6706 | D:5      | Found an ornate altar of the Wu Jian Council.
  6792 | D:5      | Found a shimmering altar of Xom.
  6805 | D:5      | Found a basalt altar of Yredelemnul.
  6925 | D:5      | Found a shimmering blue altar of Sif Muna.
  6958 | D:6      | Reached XP level 9. HP: 65/65 MP: 12/18
  7145 | D:6      | Found a staircase to the Ecumenical Temple.
  7157 | Temple   | Entered the Ecumenical Temple
  7331 | Temple   | Became a worshipper of Cheibriados the Contemplative
  8219 | D:6      | Reached skill level 8 in Evocations
  8312 | D:7      | Reached skill level 5 in Invocations
  8561 | D:7      | Reached * piety under Cheibriados
  9098 | D:8      | Noticed a hornet
  9103 | D:8      | Killed a hornet
  9485 | D:8      | Reached skill level 5 in Fighting
  9485 | D:8      | Reached skill level 5 in Short Blades
  9485 | D:8      | Reached skill level 5 in Long Blades
  9485 | D:8      | Reached skill level 5 in Axes
  9485 | D:8      | Reached skill level 5 in Maces & Flails
  9485 | D:8      | Reached skill level 5 in Polearms
  9485 | D:8      | Reached skill level 5 in Staves
  9485 | D:8      | Reached skill level 5 in Ranged Weapons
  9485 | D:8      | Reached skill level 5 in Armour
  9485 | D:8      | Reached skill level 5 in Dodging
  9485 | D:8      | Reached skill level 5 in Stealth
  9485 | D:8      | Reached skill level 5 in Shields
  9485 | D:8      | Reached skill level 5 in Unarmed Combat
  9485 | D:8      | Reached XP level 10. HP: 71/74 MP: 9/20
  9501 | D:8      | Reached ** piety under Cheibriados
  9800 | D:8      | Found a white marble altar of Elyvilon.
  9828 | D:8      | Noticed a two-headed ogre
  9854 | D:8      | Found a staircase to the Lair.
 10811 | D:8      | Killed a two-headed ogre
 11157 | D:9      | Learned a level 5 spell: Manifold Assault
 12154 | D:9      | Reached skill level 9 in Evocations
 12522 | D:9      | Reached skill level 5 in Conjurations
 12522 | D:9      | Reached skill level 5 in Hexes
 12522 | D:9      | Reached skill level 5 in Summonings
 12522 | D:9      | Reached skill level 5 in Necromancy
 12522 | D:9      | Reached skill level 5 in Transmutations
 12522 | D:9      | Reached skill level 5 in Fire Magic
 12522 | D:9      | Reached skill level 5 in Ice Magic
 12522 | D:9      | Reached skill level 5 in Air Magic
 12522 | D:9      | Reached skill level 5 in Earth Magic
 12522 | D:9      | Reached skill level 5 in Poison Magic
 12522 | D:9      | Reached XP level 11. HP: 76/81 MP: 17/22
 12615 | D:10     | Entered Level 10 of the Dungeon
 12615 | D:10     | Noticed Josephine
 12615 | D:10     | Found a shadowy altar of Dithmenos.
 12665 | D:10     | Found a staircase to the Orcish Mines.
 12677 | D:10     | Reached *** piety under Cheibriados
 13477 | D:10     | Killed Josephine
 13642 | D:10     | Noticed a purple ugly thing
 13656 | D:10     | Killed a purple ugly thing
 14564 | D:11     | Reached **** piety under Cheibriados
 14635 | D:11     | Found Duxtacvu's Antique Armour Shoppe.
 14691 | D:11     | Noticed a two-headed ogre
 14699 | D:11     | Killed a two-headed ogre
 15309 | D:11     | Noticed a cyclops
 15325 | D:11     | Killed a cyclops
 15455 | D:11     | Noticed a boulder beetle
 15465 | D:11     | Killed a boulder beetle
 15466 | D:11     | Reached XP level 12. HP: 85/91 MP: 18/24
 15582 | D:11     | Reached ***** piety under Cheibriados
 15821 | D:12     | Learned a level 5 spell: Irradiate
 15988 | D:12     | Noticed a boulder beetle
 15999 | D:12     | Killed a boulder beetle
 16628 | D:12     | Learned a level 5 spell: Lee's Rapid Deconstruction
 16841 | D:12     | Noticed a boulder beetle
 16856 | D:12     | Killed a boulder beetle
 16857 | D:12     | Reached skill level 10 in Evocations
 17321 | D:13     | Noticed a six-headed hydra
 17458 | Lair:1   | Entered Level 1 of the Lair of Beasts
 19117 | Lair:2   | Found a staircase to the Snake Pit.
 19128 | Lair:2   | Noticed a five-headed hydra
 19135 | Lair:2   | Killed a five-headed hydra
 19141 | Lair:2   | Reached XP level 13. HP: 82/98 MP: 7/26
 20100 | Lair:2   | Identified a scroll of acquirement
 20429 | Lair:2   | Learned a level 6 spell: Summon Cactus Giant
 20841 | Lair:3   | Found a gate leading to a gauntlet.
 20931 | Lair:3   | Noticed Urug
 20965 | Lair:3   | Reached ****** piety under Cheibriados
 20979 | Gauntlet | Entered a Gauntlet
 20979 | Gauntlet | Found a transporter.
 20979 | Gauntlet | Found a transporter.
 21056 | Gauntlet | Found a transporter.
 21069 | Gauntlet | Found a transporter.
 21087 | Gauntlet | Found a transporter.
 21087 | Gauntlet | Found a transporter.
 21089 | Gauntlet | Found a transporter.
 21090 | Gauntlet | Found a transporter.
 21092 | Gauntlet | Found a transporter.
 21102 | Gauntlet | Found a transporter.
 21118 | Gauntlet | Found a transporter.
 21130 | Gauntlet | Found a transporter.
 21234 | Gauntlet | Found a transporter.
 21278 | Gauntlet | Found a transporter.
 21278 | Gauntlet | Found the +3 hat of Pondering {ponderous, Will+ MP+10
                  | Int+5}
 21376 | Gauntlet | HP: 4/99 [barbs]
 21376 | Gauntlet | Engulfed by a merfolk aquamancer's steam

Illustrated notes

Levels and vault maps discovered:
D:1:      dpeg_arrival_water_temple_mockup, layout_basic, serial_shops,
          nicolae_shop_stone
D:2:      minmay_door_path, layout_loops_ring,
          chequers_ecumenical_altar_simple_redux, uniq_jessica
D:3:      layout_basic, st_stairs_10, uniq_natasha, uniq_ijyb, uniq_sigmund,
          uniq_terence
D:4:      cheibrodos_old_hovel, layout_rooms, hellmonk_ghost_happy_afterlife
D:5:      layout_basic, nicolae_sif_muna_little_library,
          nicolae_overflow_crystal_walls, amethyst_overflow_temple_binary,
          uniq_blork_the_orc, uniq_edmund
D:6:      layout_cave_pods, minmay_temple_entry_mini_moons
D:7:      layout_rooms
D:8:      layout_loops_ring, lemuel_round_altar, lair_entry_dummy
D:9:      layout_loops_corners, kennysheep_pointless_box
D:10:     layout_loops_ring, grunt_dithmenos_smoke_and_mirrors,
          minmay_orc_entry_temple_small, uniq_josephine
D:11:     layout_roguey, serial_shops,
          nicolae_shop_temple_entry_statues_fountains
D:12:     layout_irregular_city, hangedman_glass_teeth
D:13:     layout_cross, skrybe_vaults_entry_preservation, minmay_microvault,
          uniq_kirke, uniq_sonja
Temple:   nicolae_temple_bog_church
Lair:1:   layout_hall_layers, beast_lair_carwin_3
Lair:2:   layout_cave_pods, guppyfry_snake_entry_island, serial_bayou,
          serial_bayou_lagoon_a, serial_bayou_lake_a, serial_bayou_pond_d,
          serial_bayou_crossing, serial_bayou_shore_b
Lair:3:   layout_cellular_growth, elwin_shoals_entry_rooms,
          gauntlet_entry_generic, hibernation_bobbens, grunt_megastairs_4,
          uniq_nergalle, uniq_urug
Gauntlet: gammafunk_gauntlet_mixed_choke_point
          [minmay_gauntlet_arena_77_broken_ladder,
          minmay_gauntlet_arena_77_squiggly,
          minmay_gauntlet_arena_77_block_sizes, gammafunk_gauntlet_arena_crates,
          minmay_gauntlet_arena_77_fan, minmay_gauntlet_arena_77_chump_sandwich,
          minmay_gauntlet_arena_77_radiant_squares, gauntlet_exit_hidden_loot]

Skill      XL: |  1  2  3  4  5  6  7  8  9 10 11 12 13 |
---------------+----------------------------------------+-----
Spellcasting   | 5 6 7 8 9 |  9.8
Invocations    | 1 2 3 4 5 6 7 8 9 |  9.2
Fighting       | 1 2 3 5 6 7 8 |  8.4
Short Blades   | 1 2 3 5 6 7 8 |  8.4
Long Blades    | 1 2 3 5 6 7 8 |  8.4
Axes           | 1 2 3 5 6 7 8 |  8.4
Maces & Flails | 1 2 3 5 6 7 8 |  8.4
Polearms       | 1 2 3 5 6 7 8 |  8.4
Staves         | 1 2 3 5 6 7 8 |  8.4
Ranged Weapons | 1 2 3 5 6 7 8 |  8.4
Armour         | 1 2 3 5 6 7 8 |  8.4
Dodging        | 1 2 3 5 6 7 8 |  8.4
Stealth        | 1 2 3 5 6 7 8 |  8.4
Shields        | 1 2 3 5 6 7 8 |  8.4
Unarmed Combat | 1 2 3 5 6 7 8 |  8.4
Conjurations   | 1 2 3 4 5 6 7 |  7.0
Hexes          | 1 2 3 4 5 6 7 |  7.0
Summonings     | 1 2 3 4 5 6 7 |  7.0
Necromancy     | 1 2 3 4 5 6 7 |  7.0
Transmutations | 1 2 3 4 5 6 7 |  7.0
Fire Magic     | 1 2 3 4 5 6 7 |  7.0
Ice Magic      | 1 2 3 4 5 6 7 |  7.0
Air Magic      | 1 2 3 4 5 6 7 |  7.0
Earth Magic    | 1 2 3 4 5 6 7 |  7.0
Poison Magic   | 1 2 3 4 5 6 7 |  7.0
Throwing       | 5 6 7 8 9 |  9.6
Evocations     | 7 8 9 10 | 10.6
Translocations | 6 7 8 9 |  9.0

Action                   |  1- 3 |  4- 6 |  7- 9 | 10-12 | 13-15 || total
-------------------------+-------+-------+-------+-------+-------++-------
Melee: Spear             |   111 |   145 |    30 |       |       ||   286
       Bite              |     4 |    16 |    15 |    55 |    12 ||   102
       Punch             |     2 |     3 |     2 |    33 |     4 ||    44
       Flail             |       |     9 |       |       |       ||     9
       Whip              |       |    24 |       |       |       ||    24
       Club              |       |     6 |   131 |   428 |    61 ||   626
Throw: Stone             |     6 |     9 |       |       |       ||    15
       Dart              |       |    12 |       |       |       ||    12
 Cast: Blink             |       |     1 |       |     1 |       ||     2
       Foxfire           |       |       |   161 |   230 |    50 ||   441
       Poisonous Vapours |       |       |    17 |    34 |       ||    51
       Manifold Assault  |       |       |       |    21 |     4 ||    25
       Irradiate         |       |       |       |    12 |       ||    12
       Lee's Rapid Decon |       |       |       |     6 |       ||     6
Evoke: Wand              |       |     4 |       |       |       ||     4
  Use: Scroll            |     1 |     1 |     9 |    18 |     3 ||    32
       Potion            |       |     1 |       |     3 |     1 ||     5
 Stab: Distracted        |       |       |       |     5 |       ||     5
       Sleeping          |       |       |       |     3 |       ||     3
       Petrified         |       |       |       |       |     3 ||     3
Armor: Leather armour    |    23 |       |       |       |       ||    23
       Scale mail        |    44 |    91 |    14 |       |       ||   149
       Ring mail         |       |       |    48 |   133 |    19 ||   200
Dodge: Dodged            |    65 |    63 |    73 |   199 |    49 ||   449
Block: Other             |       |       |     5 |    95 |    16 ||   116
       Reflection        |       |       |       |     2 |       ||     2
